 Dungeon Crawl Stone Soup version 0.29.1-12-g30fa7ad0bf (webtiles) character file.

Game seed: 3111981916497129955

4 shoemetal68 the Conjurer (level 1, 0/14 HPs)
             Began as a Draconian Conjurer on Dec 21, 2022.
             Slain by a jackal (2 damage)
             ... on level 1 of the Dungeon.
             The game lasted 00:01:08 (139 turns).

shoemetal68 the Conjurer (Draconian Conjurer)        Turns: 139, Time: 00:01:09

Health: 0/14       AC:  4    Str:  9    XL:     1   Next: 58%
Magic:  3/3        EV: 11    Int: 18    God:
Gold:   18         SH:  2    Dex:  9    Spells: 3/4 levels left

rFire   . . .      SeeInvis .   (no weapon)
rCold   . . .      Faith    .   b - +0 buckler
rNeg    . . .      Spirit   .   (body armour unavailable)
rPois   .          Reflect  .   (helmet restricted)
rElec   .          Harm     .   (no cloak)
rCorr   .          Rampage  .   (no gloves)
Will    .....                   (no boots)
Stlth   ++........              (no amulet)
HPRegen 0.04/turn               (no ring)
MPRegen 0.08/turn               (no ring)

@: no status effects
A: AC +4, unfitting armour, cold-blooded
a: no special abilities


You were on level 1 of the Dungeon.
You visited 1 branch of the dungeon, and saw 1 of its levels.

You collected 18 gold pieces.

Inventory:

Armour
 b - a +0 buckler (worn)
 c - a +0 plate armour
Potions
 a - a potion of magic


   Skills:
 + Level 1.7 Dodging
 + Level 1.7 Stealth
 + Level 2.1 Spellcasting
 + Level 4.1 Conjurations


You had 3 spell levels left.
You knew the following spells:

 Your Spells              Type           Power      Damage    Failure   Level
a - Magic Dart            Conj           64%        1d6       4%          1

Your spell library contained the following spells:

 Spells                   Type           Power      Damage    Failure   Level
 Searing Ray              Conj           32%        2d5       7%          2
 Dazzling Flash           Conj/Hex       18%        N/A       30%         3
 Fulminant Prism          Conj/Hex       4%         3d6       71%         4
 Iskenderun's Mystic Bla  Conj/Tloc      9%         2d4       71%         4


Dungeon Overview and Level Annotations

Branches:
Dungeon (1/15)

Altars:


Innate Abilities, Weirdness & Mutations

Your plain brown scales are hard. (AC +4)
You cannot fit into any form of body armour.
You are cold-blooded and may be slowed by cold attacks.


Message History

You hit the jackal.
The jackal is lightly wounded.
The jackal bites you. x2
* * * LOW HITPOINT WARNING * * *
The jackal closely misses you.
You miss the jackal.
The jackal is lightly wounded.
The jackal bites you but does no damage.
You block the jackal's attack.
The jackal bites you but does no damage.
You hit the jackal but do no damage. You tail-slap the jackal.
The jackal is severely wounded.
The jackal bites you but does no damage.
The jackal closely misses you.
The jackal bites you but does no damage.
You hit the jackal.
You kill the jackal!
The jackal bites you but does no damage.
The jackal barely misses you. You block the jackal's attack.
You hit the jackal but do no damage. You tail-slap the jackal.
The jackal is moderately wounded.
The jackal closely misses you.
You barely miss the jackal.
Your tail-slap misses the jackal.
The jackal is moderately wounded.
The jackal bites you but does no damage.
The jackal barely misses you.
You hit the jackal but do no damage.
The jackal is moderately wounded.
The jackal closely misses you.
You hit the jackal but do no damage.
The jackal is moderately wounded.
The jackal bites you.
* * * LOW HITPOINT WARNING * * *
You block the jackal's attack.
You closely miss the jackal.
The jackal is moderately wounded.
The jackal closely misses you.
The jackal bites you but does no damage.
The jackal bites you.
You die...

......# .....
.... ..# #.#
#######.###
#.......b.#
#.#####.#h# #.#
...#@#
####.#.......#
#....#####....
#.#..).....##.#
# ##.##.#### .#
# #.## .. .$ #.
#.# ## .#
#.##.# ..
#....#


You could see a jackal and a bat.

Vanquished Creatures
  2 goblins (D:1)
  A jackal (D:1)
  A kobold (D:1)
4 creatures vanquished.

Notes
Turn   | Place    | Note
-------+----------+-------------------------------------------
     0 | D:1      | shoemetal68 the Draconian Conjurer began the quest for the
                  | Orb.
     0 | D:1      | Reached XP level 1. HP: 14/14 MP: 3/3
   139 | D:1      | Slain by a jackal

Illustrated notes

Levels and vault maps discovered:
D:1:      dpeg_arrival_simpleton_c, layout_basic,
          shapermc_ecumenical_altar_acropolis

Action                   || total
-------------------------++-------
Melee: Unarmed           ||    34
       Tailslap          ||     3
 Cast: Magic Dart        ||     3
Armor: Skin              ||    24
Dodge: Dodged            ||    37
Block: Buckler           ||     7
